 Dungeon Crawl Stone Soup version 0.31-a0-75-g6fe912e8c5 (webtiles) character file.

Game seed: 18274803584618426766

55844 Strat the Unseen (level 15, 0/93 HPs)
             Began as a Kobold Brigand on May 23, 2023.
             Was a Believer of Uskayaw.
             Slain by a skeletal warrior
             ... wielding a +0 war axe
              (23 damage)
             ... on level 12 of the Dungeon.
             The game lasted 00:42:30 (24251 turns).

Strat the Unseen (Kobold Brigand)                  Turns: 24251, Time: 00:42:30

Health: 0/93       AC: 12    Str:  8    XL:     15   Next: 19%
Magic:  26/26      EV: 29    Int: 16    God:    Uskayaw [**....]
Gold:   1544       SH:  0    Dex: 24    Spells: 5/14 levels left

rFire   . . .        a - +8 arc blade {discharge, rElec}
rCold   + . .        (no shield)
rNeg    . . .        S - +2 robe {rC+}
rPois   +            P - +2 hat {Int+3}
rElec   +            H - +1 cloak
rCorr   .            o - +0 pair of gloves
SInv    .            u - +2 pair of boots {Stlth+}
Will    +....        i - amulet of faith
Stlth   ++++++++     r - +5 ring of evasion
HPRegen 0.35/turn    w - ring of poison resistance
MPRegen 0.20/turn

%: faith
@: studying Short Blades
A: small, no large weapons, nightstalker 3
a: Renounce Religion, Stomp, Line Pass


You were on level 12 of the Dungeon.
You worshipped Uskayaw.
Uskayaw was pleased with you.
You visited 3 branches of the dungeon, and saw 20 of its levels.
You also visited: Bailey.

You collected 1982 gold pieces.
You spent 438 gold pieces at shops.

Inventory:

Hand Weapons
 a - the +8 arc blade (weapon) {discharge, rElec}
   (You found it on level 4 of the Lair of Beasts)

   rElec:     It insulates you from electricity.
 L - a +3 dagger of electrocution
Missiles
 d - 49 poisoned darts (quivered)
 e - 4 curare-tipped darts
 A - 3 throwing nets
 M - 5 atropa-tipped darts
Armour
 b - +0 acid dragon scales
 o - a +0 pair of gloves (worn)
 u - a +2 pair of boots of stealth (worn)
 H - a +1 cloak (worn)
 P - a +2 hat of intelligence (worn)
 S - a +2 robe of cold resistance (worn)
Jewellery
 g - a ring of positive energy
 i - an amulet of faith (around neck)
 k - an amulet of regeneration
 r - a +5 ring of evasion (left hand)
 w - a ring of poison resistance (right hand)
 x - a ring of resist corrosion
 J - a ring of willpower
Wands
 f - a wand of charming (5)
 s - a wand of flame (26)
 t - a wand of light (4)
 v - a wand of digging (6)
 C - a wand of roots (15)
 I - a wand of mindburst (17)
Scrolls
 h - 2 scrolls of magic mapping
 j - a scroll of amnesia
 q - 2 scrolls of teleportation
 y - a scroll of enchant armour
 G - a scroll of blinking
 K - 3 scrolls of silence
 Q - 3 scrolls of identify
Potions
 l - 2 potions of cancellation
 m - 3 potions of brilliance
 n - 2 potions of mutation
 p - 2 potions of attraction {unknown}
 z - 2 potions of magic
 B - 2 potions of berserk rage
 D - 4 potions of enlightenment
 E - 3 potions of lignification
 F - 3 potions of curing
 N - 2 potions of might


   Skills:
 + Level 10.6 Fighting
 - Level 10.0 Short Blades
 - Level 2.1 Throwing
 + Level 10.7 Dodging
 - Level 15.0 Stealth
 - Level 10.0 Hexes
 + Level 3.2 Translocations
 - Level 15.0 Invocations
 - Level 10.0 Evocations


You had 5 spell levels left.
You knew the following spells:

 Your Spells              Type           Power      Damage    Failure   Level
a - Confusing Touch       Hex            32%        N/A       1%          3
b - Passage of Golubria   Tloc           10%        N/A       56%         4
c - Blink                 Tloc           20%        N/A       11%         2

Your spell library contained the following spells:

 Spells                   Type           Power      Damage    Failure   Level
 Portal Projectile        Hex/Tloc       42%        N/A       4%          3
 Inner Flame              Hex/Fire       16%        N/A       10%         3
 Summon Guardian Golem    Hex/Summ       16%        N/A       10%         3
 Lesser Beckoning         Tloc           20%        N/A       11%         2
 Momentum Strike          Conj/Tloc      10%        3d8       21%         2
 Gell's Gravitas          Tloc           10%        N/A       21%         3
 Teleport Other           Tloc           10%        N/A       21%         3
 Kiss of Death            Conj/Necr      0%         2d5       26%         1
 Sandblast                Erth           0%         2d4       26%         1
 Summon Small Mammal      Summ           0%         N/A       26%         1
 Leda's Liquefaction      Hex/Erth       8%         N/A       32%         4
 Passwall                 Tmut/Erth      0%         N/A       36%         2
 Sublimation of Blood     Necr           0%         N/A       36%         2
 Wereblood                Tmut           0%         N/A       36%         2
 Vhi's Electric Charge    Tloc/Air       10%        N/A       36%         3
 Call Canine Familiar     Summ           0%         N/A       58%         3
 Hailstorm                Conj/Ice       0%         3d3       58%         3
 Stone Arrow              Conj/Erth      0%         3d7       58%         3
 Silence                  Hex/Air        8%         N/A       65%         5
 Dispel Undead            Necr           0%         3d6       94%         4
 Flame Wave               Conj/Fire      0%         2d4       94%         4
 Ice Form                 Ice/Tmut       0%         N/A       94%         4
 Sticky Flame             Conj/Fire      0%         2d3       94%         4
 Arcjolt                  Conj/Air       0%         1d10      100%        5
 Dispersal                Tloc           5%         N/A       100%        6
 Plasma Beam              Fire/Air       0%         2x1d11    100%        6
 Simulacrum               Ice/Necr       0%         N/A       100%        6
 Summon Hydra             Summ           0%         N/A       100%        7
 Lehudib's Crystal Spear  Conj/Erth      0%         10d2      100%        8


Dungeon Overview and Level Annotations

Branches:
Dungeon (13/15)            Temple (0/1) D:6            Lair (5/5) D:9
  Swamp (0/4) Lair:3        Snake (0/4) Lair:2        Slime (0/5) Lair:4
    Orc (2/2) D:11            Elf (0/3) Orc:2        Bailey (visited)
 Vaults: D:13-14

Altars:
Cheibriados
Dithmenos
Fedhas
Kikubaaqudgha
Makhleb
Okawaru
Qazlal
Sif Muna
Uskayaw
Vehumet
Wu Jian
Zin
The Shining One
Jiyva

Shops:
D:6 ?   Orc:2 :(?((=?

Portals:
Abyss: D:3


Innate Abilities, Weirdness & Mutations

You are small and have problems with some larger weapons.
You are completely attuned to the shadows.


Message History

You hit the skeletal warrior.
The arc blade crackles.
The skeletal warrior is struck by an arc of lightning.
The skeletal warrior is lightly damaged.
You resist.
You are struck by an arc of lightning.
The skeletal warrior is struck by an arc of lightning!
The skeletal warrior is moderately damaged.
You resist.
You are struck by an arc of lightning.
The skeletal warrior is struck by an arc of lightning.
The skeletal warrior is moderately damaged.
The lightning grounds out.
You punch the skeletal warrior, but do no damage.
The skeletal warrior is moderately damaged.
The skeletal warrior completely misses you.
You hit the skeletal warrior.
The skeletal warrior is moderately damaged.
The skeletal warrior hits you with a +0 war axe!!
* * * LOW HITPOINT WARNING * * *
You are too injured to fight recklessly!
You are too injured to fight recklessly!
Unknown command.
The skeletal warrior hits you with a +0 war axe!
* * * LOW HITPOINT WARNING * * *
You climb upwards.
There is a stone staircase leading down here.
You puncture the skeletal warrior!
The skeletal warrior is heavily damaged.
You can now pass through a line of other dancers.
You barely miss the skeletal warrior.
The skeletal warrior is heavily damaged.
The skeletal warrior closely misses you.
You barely miss the skeletal warrior.
The skeletal warrior is heavily damaged.
The skeletal warrior hits you with a +0 war axe!!
* * * LOW HITPOINT WARNING * * *
You hit the skeletal warrior but do no damage.
The skeletal warrior is heavily damaged.
You puncture the skeletal warrior!
The skeletal warrior is severely damaged.
The skeletal warrior hits you with a +0 war axe!!
You die...

#.............# #...........
#.............## #..........#
#..............#######.........##
#................##...........##
#....................##......##
#..........).......#####...###
#...................# #..##
#.......†...........# #.##
#.........^.....@...# ###
#................z..##
#....................#
##...................#
###...............).#
###.............###
###..........## ### ###.......#.#
##.### #########.###....##


You could see a skeletal warrior.

Vanquished Creatures
  Gastronok (Lair:3)
  A fire dragon (Lair:5)
  6 hydras
  Fannar (Lair:3)
  Erolcha (Orc:2)
  An ogre mage (Orc:2)
  2 two-headed ogres (D:12)
  A death yak (Lair:2)
  4 boulder beetles
  Nergalle (Orc:2)
  2 skysharks
  Lodul (D:12)
  A swamp dragon (Lair:5)
  7 orc sorcerers (Orc:2)
  An oklob plant (Lair:5)
  2 cyclopes
  5 elephants (Lair:3)
  Maurice (D:12)
  7 black mambas
  2 torpor snails
  14 cane toads
  A gargoyle (D:12)
  An unseen horror (D:11)
  8 komodo dragons
  2 rime drakes
  2 polar bears
  2 trolls
  15 blink frogs
  5 dream sheep
  3 wraiths
  2 shadows
  5 wyverns
  44 yaks
  2 humans
  8 basilisks
  Grum (D:10)
  3 steam dragons
  2 swamp worms (Lair:3)
  22 water moccasins
  2 wargs
  2 acid dragons
  2 swamp drakes (Lair:5)
  7 ice beasts
  A sky beast (D:6)
  9 orc warriors
  A black bear (D:6)
  23 wolves
  4 centaurs
  13 ogres
  5 phantoms
  The ghost of Strat the Sneak, an amateur KoBr (D:4)
  3 kobold brigands
  8 bullfrogs
  2 gnoll sergeants
  6 scorpions
  A troll zombie (D:11)
  9 killer bees
  A howler monkey (D:3)
  A hound (D:5)
  5 orc priests
  3 jellies
  3 sleepcaps
  31 orc wizards
  Ijyb (D:3)
  Natasha (thrice) (D:4)
  8 iguanas
  5 ogre zombies (D:11)
  10 adders
  21 gnolls
  3 white imps
  2 worms
  3 dart slugs
  42 orcs
  4 bats
  12 endoplasms
  A giant cockroach (D:2)
  8 goblins
  5 hobgoblins
  3 quokkas
  4 ball pythons
  5 frilled lizards
  A goblin skeleton (D:11)
  4 goblin zombies (D:11)
  2 hobgoblin skeletons (D:11)
  A hobgoblin zombie (D:11)
  26 kobolds
  2 orc skeletons (D:11)
  9 orc zombies (D:11)
  4 rats
522 creatures vanquished.

Vanquished Creatures (others)
  A human (D:4)
  An iguana (Lair:5)
  An orc wizard (Orc:2)
3 creatures vanquished.

Grand Total: 525 creatures vanquished

Notes
Turn   | Place    | Note
-------+----------+-------------------------------------------
     0 | D:1      | Strat the Kobold Brigand began the quest for the Orb.
     0 | D:1      | Reached XP level 1. HP: 12/12 MP: 1/1
   168 | D:1      | Reached XP level 2. HP: 17/17 MP: 2/2
   441 | D:1      | Found a faded altar of an unknown god.
   650 | D:2      | Reached XP level 3. HP: 19/22 MP: 3/3
  1148 | D:2      | Reached XP level 4. HP: 27/27 MP: 4/4
  1535 | D:3      | Reached XP level 5. HP: 32/32 MP: 5/5
  1547 | D:3      | Noticed a small abomination
  1556 | D:3      | Found a transporter.
  1570 | D:3      | Noticed Strat's ghost (amateur KoBr)
  1585 | D:3      | Noticed a toenail golem
  1587 | D:3      | Found a transporter.
  1592 | D:3      | Noticed a kobold brigand
  1692 | D:3      | Noticed Ijyb
  1696 | D:3      | Killed Ijyb
  2211 | D:3      | Identified a scroll of acquirement
  2211 | D:3      | Acquired a manual of Short Blades
  2384 | D:2      | Reached XP level 6. HP: 37/37 MP: 6/6
  2394 | D:2      | Reached skill level 5 in Short Blades
  2625 | D:2      | Learned a level 3 spell: Confusing Touch
  2733 | D:3      | Found a one-way gate to the infinite horrors of the Abyss.
  2767 | D:4      | Killed Strat's ghost
  2836 | D:4      | Noticed Natasha
  2844 | D:4      | Killed Natasha
  2848 | D:4      | Found an ancient bone altar of Kikubaaqudgha.
  2851 | D:4      | Noticed a human
  2852 | D:4      | Killed a human
  2961 | D:4      | Noticed Natasha
  2973 | D:4      | Killed Natasha
  2974 | D:4      | Reached XP level 7. HP: 41/41 MP: 7/7
  3033 | D:4      | Noticed Natasha
  3046 | D:4      | Killed Natasha
  3070 | D:4      | Noticed a +0 dagger
  3071 | D:4      | Noticed a +0 dagger
  3072 | D:4      | Found a hide-covered altar of Uskayaw.
  3077 | D:4      | Became a worshipper of Uskayaw the Reveller
  3116 | D:4      | Reached * piety under Uskayaw
  3204 | D:4      | Reached ** piety under Uskayaw
  3679 | D:5      | Entered Level 5 of the Dungeon
  3822 | D:5      | Reached *** piety under Uskayaw
  4011 | D:5      | Reached XP level 8. HP: 48/48 MP: 8/8
  4275 | D:5      | Reached skill level 10 in Short Blades
  4451 | D:5      | Reached skill level 5 in Dodging
  4451 | D:5      | Reached skill level 10 in Stealth
  4543 | D:5      | Reached skill level 5 in Fighting
  4611 | D:6      | Found Licata's Magic Scroll Shop.
  4631 | D:6      | Found a glowing silver altar of Zin.
  4652 | D:6      | Found a staircase to the Ecumenical Temple.
  4657 | D:6      | Reached XP level 9. HP: 54/54 MP: 9/9
  4780 | D:6      | Found a burning altar of Makhleb.
  4780 | D:6      | Found an ornate altar of the Wu Jian Council.
  4855 | D:6      | Reached skill level 1 in Invocations
  5412 | D:7      | Reached **** piety under Uskayaw
  5541 | D:7      | Found a flagged portal.
  5548 | Bailey   | Entered a bailey
  6117 | D:7      | Identified the +2 falchion of Oozing Pus {drain, rPois
                  | Dex+2}
  6208 | D:7      | Found a stormy altar of Qazlal.
  6456 | D:7      | Found a blossoming altar of Fedhas.
  6985 | D:8      | Reached XP level 10. HP: 54/63 MP: 12/12
  7000 | D:8      | Reached ***** piety under Uskayaw
  7857 | D:9      | Found a snail-covered altar of Cheibriados.
  8053 | D:9      | Found an iron altar of Okawaru.
  8095 | D:9      | Found a staircase to the Lair.
  8095 | D:9      | Noticed a rime drake
  8183 | D:9      | Killed a rime drake
  8184 | D:9      | Reached skill level 5 in Invocations
  8267 | D:9      | Found a shadowy altar of Dithmenos.
  8403 | D:9      | Reached ****** piety under Uskayaw
  8430 | D:9      | Identified the +2 pair of boots of the Thirsty Mystics
                  | {Drain Int+8 Dex-3}
  8756 | D:9      | Reached XP level 11. HP: 12/69 MP: 15/15
  9262 | D:9      | Found a glowing golden altar of the Shining One.
  9486 | D:10     | Entered Level 10 of the Dungeon
  9596 | D:10     | You fall into a shaft and drop 3 floors!
  9654 | D:13     | Noticed a wolf spider
  9707 | D:13     | Noticed a skeletal warrior
  9708 | D:13     | Noticed a skeletal warrior
  9710 | D:12     | Noticed a two-headed ogre
  9758 | D:12     | Noticed a boulder beetle
  9864 | D:12     | Noticed Lodul
  9908 | D:12     | Killed a two-headed ogre
 10100 | D:11     | Found a staircase to the Orcish Mines.
 10309 | D:10     | Reached skill level 10 in Dodging
 10634 | D:10     | Noticed Grum
 10691 | D:10     | Killed Grum
 11166 | D:10     | Found a radiant altar of Vehumet.
 11412 | D:11     | Noticed a cyclops
 11464 | D:11     | Killed a cyclops
 11782 | D:11     | Noticed a two-headed ogre
 11970 | D:11     | Reached skill level 10 in Fighting
 12413 | Lair:1   | Entered Level 1 of the Lair of Beasts
 12517 | Lair:1   | Reached XP level 12. HP: 77/77 MP: 18/18
 12893 | Lair:1   | Reached skill level 15 in Stealth
 13158 | Lair:1   | Reached skill level 10 in Invocations
 13162 | Lair:1   | Reached skill level 1 in Evocations
 13236 | Lair:1   | Found a shimmering blue altar of Sif Muna.
 13337 | Lair:2   | Noticed a skyshark
 13341 | Lair:2   | Killed a skyshark
 13342 | Lair:2   | Reached skill level 1 in Hexes
 13826 | Lair:2   | Found a staircase to the Snake Pit.
 13827 | Lair:2   | Noticed a five-headed hydra
 13832 | Lair:2   | Killed a five-headed hydra
 13836 | Lair:2   | Reached skill level 5 in Evocations
 14012 | Lair:2   | Learned a level 4 spell: Passage of Golubria
 14153 | Lair:2   | Reached XP level 13. HP: 82/82 MP: 21/21
 14367 | Lair:2   | Reached skill level 5 in Hexes
 14673 | Lair:3   | Noticed Gastronok
 14687 | Lair:3   | Killed Gastronok
 15647 | Lair:3   | Noticed Fannar
 15650 | Lair:3   | Killed Fannar
 16097 | Lair:3   | Noticed a seven-headed hydra
 16485 | Lair:3   | Noticed a five-headed hydra
 16497 | Lair:3   | Killed a five-headed hydra
 16597 | Lair:3   | Found a staircase to the Swamp.
 16682 | Lair:3   | Reached XP level 14. HP: 60/88 MP: 23/23
 16844 | Lair:4   | Found a staircase to the Slime Pits.
 16844 | Lair:4   | Found a viscous altar of Jiyva.
 17218 | Lair:4   | Found a runed translucent door.
 17693 | Lair:4   | Found the +8 arc blade {discharge, rElec}
 17768 | Lair:5   | Entered Level 5 of the Lair of Beasts
 17962 | Lair:5   | Reached skill level 10 in Evocations
 20342 | Orc:1    | Entered Level 1 of the Orcish Mines
 20540 | Orc:2    | Entered Level 2 of the Orcish Mines
 20546 | Orc:2    | Found Ojyet's Weapon Boutique.
 20650 | Orc:2    | Found a staircase to the Elven Halls.
 20658 | Orc:2    | Found Jitwuy's Book Shoppe.
 20670 | Orc:2    | Bought a book of Spatial Translocations for 198 gold pieces
 20995 | Orc:2    | Found Ciame's Magic Scroll Shop.
 21111 | Orc:2    | Found Wefriewa's Magic Scroll Boutique.
 21189 | Orc:2    | Noticed Nergalle
 21197 | Orc:2    | Found an ancient bone altar of Kikubaaqudgha.
 21202 | Orc:2    | Reached skill level 10 in Hexes
 21202 | Orc:2    | Killed Nergalle
 21333 | Orc:2    | Noticed Erolcha
 21336 | Orc:2    | Killed Erolcha
 21341 | Orc:2    | Found a radiant altar of Vehumet.
 21355 | Orc:2    | Reached skill level 15 in Invocations
 21366 | Orc:2    | Learned a level 2 spell: Blink
 21430 | Orc:2    | Found Loiwis's Jewellery Shop.
 21459 | Orc:2    | Found Wiprotz's Antique Weapon Boutique.
 21590 | Orc:2    | Found Irausif's Antique Weapon Shop.
 21598 | Orc:2    | Reached skill level 1 in Translocations
 22105 | Orc:2    | Bought a ring of poison resistance for 240 gold pieces
 22747 | Lair:5   | Reached XP level 15. HP: 80/92 MP: 26/26
 23711 | D:12     | Killed Lodul
 24154 | D:12     | Noticed Maurice
 24158 | D:12     | Killed Maurice
 24251 | D:12     | Slain by a skeletal warrior

Illustrated notes

Levels and vault maps discovered:
D:1:      scummos_arrival_simple_crosswalls, layout_rooms,
          ebering_ecumenical_altar_hall, nrook_uturn, serial_bayou_lake_a
D:2:      layout_basic, roderic_serpentine_path
D:3:      layout_basic, gammafunk_ghost_abyssal_escape, uniq_ijyb
D:4:      layout_loops_ring, tgw_kikubaaqudgha, dancing_weapons_uskayaw,
          uniq_natasha
D:5:      layout_loops_ring
D:6:      layout_basic, mainiacjoe_overflow_cross_hatched,
          gammafunk_temple_overflow_statue, minmay_temple_entry_glass,
          serial_shops, shop
D:7:      layout_loops_corners, lemuel_round_altar, overflow_temple_1_default,
          enter_bailey_6
D:8:      layout_loops_corners, serial_bayou_pond_e
D:9:      layout_loops_corners, tso_altar, okawaru_gym_becter,
          nicolae_dithmenos_the_darkroom, mainiacjoe_overflow_small_starburst,
          hellmonk_lair_entry_icy, minmay_puff
D:10:     layout_stronghold, kennysheep_little_box, uniq_grum
D:11:     layout_gridville, zombieorc1_lemuel, lightli_corner_chamber
D:12:     layout_cave_pods, gauntlet_entry_generic, uniq_lodul, uniq_maurice
D:13:     layout_gridville, david_vaults_1, onia_ninara_dug_in_and_dangerous
Lair:1:   layout_hall_layers, basic_altar
Lair:2:   layout_hall_layers, minmay_snake_entry_six_corridors,
          guppyfry_lair_drakes
Lair:3:   nzn_winding_woodlands_stair_cross [nzn_winding_woodlands_5x15_parted,
          nzn_winding_woodlands_center_garden,
          nzn_winding_woodlands_5x15_default, nzn_winding_woodlands_5x5_cross,
          nzn_winding_woodlands_5x5_closed_star,
          nzn_winding_woodlands_5x15_river_crossing,
          nzn_winding_woodlands_center_diamonds,
          nzn_winding_woodlands_5x15_lazy_stream], layout_chaotic_city,
          palyth_hydra_swamp_entry, st_stairs_11, uniq_gastronok, uniq_fannar
Lair:4:   layout_loops_ring, slime_entry_1, chequers_serial_rivers_room_a,
          pf_torpor_hydra
Lair:5:   guppyfry_lair_end_dragon, layout_cave_pods
Orc:1:    layout_caves
Orc:2:    kennysheep_orc_mage_school, layout_caves, serial_shops, shop, shop,
          nicolae_shop_just_a_little_nook

Skill      XL: |  1  2  3  4  5  6  7  8  9 10 11 12 13 14 15 |
---------------+----------------------------------------------+-----
Short Blades   | 3 4 6 8 10 | 10.0
Stealth        | 6 7 8 10 11 12 14 15 | 15.0
Dodging        | 2 3 4 5 7 9 10 | 10.7
Fighting       | 3 4 5 7 8 10 | 10.6
Invocations    | 3 6 8 11 12 15 | 15.0
Evocations     | 5 9 10 | 10.0
Hexes          | 4 7 10 | 10.0
Translocations | 1 3 |  3.2
Throwing       | |  2.1

Action                     |  1- 3 |  4- 6 |  7- 9 | 10-12 | 13-15 || total
---------------------------+-------+-------+-------+-------+-------++-------
  Melee: Dagger            |    86 |   198 |   420 |   511 |   353 ||  1568
         Punch             |     1 |     3 |     9 |     5 |     9 ||    27
         Short sword       |       |       |   130 |   253 |       ||   383
         Rapier            |       |       |       |       |   313 ||   313
  Throw: Dart              |       |       |     2 |       |       ||     2
  Evoke: Wand              |       |       |       |     1 |       ||     1
    Use: Scroll            |       |    12 |     3 |    11 |    11 ||    37
         Potion            |       |       |       |     4 |     5 ||     9
   Stab: Sleeping          |     8 |    15 |    37 |    62 |    58 ||   180
         Distracted        |       |     1 |     1 |     3 |     6 ||    11
         Paralysed         |       |       |     6 |    31 |    40 ||    77
 Armour: Robe              |    21 |    20 |    40 |    49 |   100 ||   230
  Dodge: Dodged            |    50 |   113 |   268 |   535 |   632 ||  1598

Table legend: (Time is in decaauts)
 A = Elapsed time spent in this place.
 B = Non-inter-level travel time spent in this place.
 C = Inter-level travel time spent in this place.
 D = Time resting spent in this place.
 E = Time spent auto-exploring this place.
 F = Levels seen in this place.
 G = Mean time per level.
                   A        B        C        D        E       F      G
               +--------+--------+--------+--------+--------+-----+--------+
         Total |  23362 |  21858 |   1504 |   2899 |  14573 |  21 | 1112.5 |
       Dungeon |  13056 |  12214 |    842 |    625 |   9049 |  13 | 1004.3 |
          Lair |   8473 |   7928 |    545 |   1985 |   4427 |   5 | 1694.6 |
  Orcish Mines |   1796 |   1679 |    117 |    288 |   1094 |   2 |  898.0 |
        Bailey |     36 |     36 |      0 |      0 |      2 |   1 |   36.0 |
               +--------+--------+--------+--------+--------+-----+--------+

Top non-repeatable levels by time:
  Lair:5: 3029 daAuts
  Lair:3: 1915 daAuts
     D:9: 1735 daAuts
    D:11: 1644 daAuts
   Orc:2: 1598 daAuts
  Lair:2: 1426 daAuts
    D:10: 1211 daAuts
     D:7: 1160 daAuts
     D:3: 1147 daAuts
  Lair:4: 1061 daAuts
  Lair:1: 1041 daAuts
     D:8: 1017 daAuts
    D:12: 1013 daAuts
     D:4: 987 daAuts
     D:2: 966 daAuts
